 Dungeon Crawl Stone Soup version 0.27-a0-1099-g7f87ac42b0 (webtiles) character file.

Game seed: 13228358490797874999

102 Froggeryz the Chiller (level 4, 0/28 HPs)
             Began as an Octopode Ice Elementalist on Apr 28, 2021.
             Slain by Robin
             ... wielding a +0 spear
              (3 damage)
             ... on level 3 of the Dungeon.
             The game lasted 00:03:45 (3045 turns).

Froggeryz the Chiller (Octopode Ice Elementalist)   Turns: 3045, Time: 00:03:46

Health: 0/28       AC:  1    Str:  8    XL:     4   Next: 78%
Magic:  3/7        EV: 13    Int: 17    God:
Gold:   110        SH:  0    Dex: 12    Spells: 3/7 levels left

rFire    . . .     SeeInvis .     - Unarmed
rCold    . . .     Faith    .   (no shield)
rNeg     . . .     Spirit   .   (helmet restricted)
rPois    .         Reflect  .   (no amulet)
rElec    .         Harm     .   (no ring)
rCorr    .         Rampage  .   (no ring)
Will     .....                  (no ring)
Stlth    +++.......             (no ring)
HPRegen  0.09/turn              (no ring)
MPRegen  0.10/turn              (no ring)
                                (no ring)
                                (no ring)

@: mighty, freezing walls
A: almost no armour, amphibious, 8 rings, camouflage 1, gelatinous body 1,
(nimble swimmer 1), tentacles
a: no special abilities


You were on level 3 of the Dungeon.
You visited 1 branch of the dungeon, and saw 3 of its levels.

You collected 110 gold pieces.

Inventory:

Hand Weapons
 j - a +2 dagger of venom
Wands
 i - a wand of flame (17)
Scrolls
 b - a scroll of fear
 c - a scroll of amnesia {unknown}
 e - a scroll of brand weapon {unknown}
 h - a scroll of enchant weapon {unknown}
Potions
 a - a potion of haste {unknown}
 f - a potion of mutation {unknown}
 g - a potion of heal wounds {unknown}


   Skills:
 - Level 1.0 Fighting
 - Level 2.0 Dodging
 - Level 2.6 Stealth
 + Level 1.7 Unarmed Combat
 - Level 2.0 Spellcasting
 * Level 5.4 Ice Magic


You had 3 spell levels left.
You knew the following spells:

 Your Spells              Type           Power      Damage    Failure   Level
a - Freeze                Ice            80%        1d9       1%          1
b - Frozen Ramparts       Ice            40%        1d6       6%          3

Your spell library contained the following spells:

 Spells                   Type           Power      Damage    Failure   Level
 Ozocubu's Armour         Ice            20%        N/A       6%          3
 Magic Dart               Conj           4%         1d3       19%         1
 Summon Small Mammal      Summ           4%         N/A       19%         1
 Call Imp                 Summ           1%         N/A       28%         2
 Searing Ray              Conj           2%         3d3       28%         2
 Call Canine Familiar     Summ           1%         N/A       50%         3
 Dazzling Flash           Conj/Hex       2%         N/A       50%         3
 Summon Guardian Golem    Hex/Summ       1%         N/A       50%         3
 Hailstorm                Conj/Ice       10%        3d5       54%         4
 Summon Ice Beast         Ice/Summ       10%        N/A       54%         4
 Metabolic Englaciation   Hex/Ice        5%         N/A       87%         5
 Fulminant Prism          Conj/Hex       0%         3d6       88%         4
 Iskenderun's Mystic Bla  Conj/Tloc      1%         2d3       88%         4
 Summon Lightning Spire   Summ/Air       1%         N/A       88%         4


Dungeon Overview and Level Annotations

Branches:
Dungeon (3/15)

Altars:

Shops:
D:2 (

Annotations:
D:3 Robin


Innate Abilities, Weirdness & Mutations

You cannot wear most types of armour.
You are amphibious.
You can wear up to eight rings at the same time.
Your skin changes colour to match your surroundings (Stealth+).
Your rubbery body absorbs attacks. (AC +1, EV +1)
((You are camouflaged near water. (Stealth+)))
You have tentacles for arms and can constrict up to eight enemies at once.


Message History

Press: ? - help, Dir - look around, f - activate The walls around you are covered in ice.
You constrict the goblin.
The wall freezes the hobgoblin.
The wall freezes the goblin.
The goblin hits you with a +0 club.
The wall freezes the goblin.
You are too injured to fight recklessly!
Unknown command.
You constrict the goblin.
You kill the goblin!
The wall freezes the hobgoblin.
You kill the hobgoblin!
The wall freezes the goblin.
You kill the goblin!
The frozen ramparts melt away as you move.
You see here a +0 club.
Items here: ) †††.
You start resting.
Robin of the Strong Arm comes into view.
They are wielding a +0 spear.
Casting: Frozen Ramparts (quite dangerous; 6% risk of failure)
Confirm with . or Enter, or press ? or * to list all spells.
The spell is quite dangerous to cast (6% risk of failure)!
Continue anyway?
Okay, then.
Robin is nearby!
Casting: Frozen Ramparts (quite dangerous; 6% risk of failure)
Confirm with . or Enter, or press ? or * to list all spells.
The spell is quite dangerous to cast (6% risk of failure)!
Continue anyway?
Casting: Frozen Ramparts (quite dangerous; 6% risk of failure)
Press: ? - help, Dir - look around, f - activate The walls around you are covered in ice.
Robin shouts!
You hear a shout!
The wall freezes Robin.
Robin hits you from afar with a +0 spear.
The wall freezes Robin.
Robin hits you from afar with a +0 spear!
* * * LOW HITPOINT WARNING * * *
It was a potion of might.
You feel very mighty all of a sudden.
The wall freezes Robin.
Robin hits you from afar with a +0 spear.
You die...

.# ...# .# ...# .# ...# .### ...#
...# ##...##
.#.########################......
..÷..............g).)†)....)..(..
.....###########.##########......
##.#.# ####@####### #......
...#.## #..........# #......
####..# #..........# #...... ##.#
#..........# ####### #.#
#..........# ## #.## #..........#
.# #..# #..........# .# ##.##
#..(.(.....# .# #..# #..........#


You could see Robin.

Vanquished Creatures
  3 adders
  2 dart slugs
  An orc (D:2)
  8 bats
  6 endoplasms
  4 giant cockroaches
  4 goblins (D:3)
  3 hobgoblins
  13 jackals
  3 kobolds
  5 ball pythons
  5 frilled lizards
  5 rats
62 creatures vanquished.

Notes
Turn   | Place    | Note
-------+----------+-------------------------------------------
     0 | D:1      | Froggeryz the Octopode Ice Elementalist began the quest for
                  | the Orb.
     0 | D:1      | Reached XP level 1. HP: 11/11 MP: 3/3
   101 | D:1      | Reached XP level 2. HP: 5/18 MP: 1/5
   384 | D:1      | Reached skill level 1 in Fighting
   651 | D:1      | Reached XP level 3. HP: 20/23 MP: 6/6
  1036 | D:1      | Found a faded altar of an unknown god.
  1263 | D:2      | Reached skill level 1 in Unarmed Combat
  1590 | D:2      | Reached skill level 5 in Ice Magic
  1626 | D:2      | Reached XP level 4. HP: 21/28 MP: 7/7
  2089 | D:2      | Found Zixtereb's Antique Weapon Shoppe.
  2273 | D:2      | Learned a level 3 spell: Frozen Ramparts
  3042 | D:3      | Noticed Robin
  3045 | D:3      | Slain by Robin

Illustrated notes

Levels and vault maps discovered:
D:1:      amcnicky_arrival_feature_with_door, layout_loops_ring,
          shapermc_ecumenical_altar_notcrosses
D:2:      layout_basic, serial_shops, shop_statue
D:3:      layout_basic, uniq_robin

Skill      XL: |  1  2  3 |
---------------+----------+-----
Fighting       | 1 |  1.0
Unarmed Combat | 1 |  1.7
Ice Magic      | 5 |  5.4
Dodging        | |  2.0
Stealth        | |  2.6
Spellcasting   | |  2.0

Action                   |  1- 3 |  4- 6 || total
-------------------------+-------+-------++-------
Melee: Unarmed           |    93 |    52 ||   145
       Constrict         |    28 |    12 ||    40
       Tentacles         |    18 |    10 ||    28
 Cast: Freeze            |    15 |     8 ||    23
       Frozen Ramparts   |       |     2 ||     2
  Use: Scroll            |     1 |       ||     1
       Potion            |       |     1 ||     1
 Stab: Sleeping          |    10 |     3 ||    13
Armor: Skin              |     7 |     6 ||    13
Dodge: Dodged            |    71 |    34 ||   105

Table legend: (Time is in decaauts)
 A = Elapsed time spent in this place.
 B = Non-inter-level travel time spent in this place.
 C = Inter-level travel time spent in this place.
 D = Time resting spent in this place.
 E = Time spent auto-exploring this place.
 F = Levels seen in this place.
 G = Mean time per level.
                   A        B        C        D        E       F      G
               +--------+--------+--------+--------+--------+-----+--------+
         Total |   3042 |   2998 |     44 |    268 |   2296 |   3 | 1014.0 |
       Dungeon |   3042 |   2998 |     44 |    268 |   2296 |   3 | 1014.0 |
               +--------+--------+--------+--------+--------+-----+--------+

Top non-repeatable levels by time:
     D:2: 1197 daAuts
     D:1: 1197 daAuts
     D:3: 646 daAuts
